 Dungeon Crawl Stone Soup version 0.19.1 (webtiles) character file.

38917 CanadianGator the Protected (level 13, -6/119 HPs)
             Began as a Minotaur Fighter on Nov 25, 2016.
             Was a High Priest of Trog.
             Shot with a bolt by a yaktaur (15 damage)
             ... on level 14 of the Dungeon.
             The game lasted 00:43:15 (12188 turns).

CanadianGator the Protected (Minotaur Fighter)     Turns: 12188, Time: 00:43:16

Health: -6/119     AC:  9    Str: 26    XL:     13   Next: 66%
Magic:  12/12      EV: 20    Int:  5    God:    Trog [*****.]
Gold:   1109       SH:  0    Dex: 15    Spells: 0 memorised, 12 levels left

rFire  . . .     SeeInvis +     v - +5 quarterstaff (speed)
rCold  . . .     Gourm    .     A - +1 leather armour "Xialejoc" {*Drain +Fly rN++ Dex+2}
rNeg   + + .     Faith    .     (shield currently unavailable)
rPois  .         Spirit   .     (helmet restricted)
rElec  .         Reflect  .     (no cloak)
rCorr  .         Harm     +     m - +0 pair of gloves
MR     .....                    J - +0 pair of boots
Stlth  ++........               N - amulet of harm
                                R - ring of see invisible
                                r - +3 ring of dexterity

@: no status effects
A: retaliatory headbutt, beak, horns 2, camouflage 1, regeneration 1
a: Berserk, Trog's Hand, Brothers in Arms, Burn Spellbooks, Renounce Religion,
Evoke Flight


You were on level 14 of the Dungeon.
You worshipped Trog.
Trog was extremely pleased with you.
You were not hungry.

You visited 1 branch of the dungeon, and saw 14 of its levels.
You also visited: Ossuary.

You collected 1144 gold pieces.
You spent 35 gold pieces at shops.

Inventory:

Hand Weapons
 b - a +0 glaive of venom
 v - a +5 quarterstaff of speed (weapon)
 G - a +0 quarterstaff of freezing
 Y - a +2 antimagic quarterstaff
Armour
 k - a +0 plate armour
 m - a +0 pair of gloves (worn)
 A - the +1 leather armour "Xialejoc" (worn) {*Drain +Fly rN++ Dex+2}
   (You found it on level 8 of the Dungeon)

   It affects your dexterity (+2).
   It greatly protects you from negative energy.
   It lets you fly.
   It causes draining when unequipped.
 J - a +0 pair of boots (worn)
Jewellery
 r - a +3 ring of dexterity (left hand)
 u - an uncursed amulet of the gourmand
 F - an uncursed ring of ice
 N - an amulet of harm (around neck)
 R - a ring of see invisible (right hand)
 W - a +2 ring of strength
Wands
 n - a wand of confusion (35/48)
 z - a wand of digging (13/24)
 T - a wand of enslavement (10/24)
Scrolls
 c - a scroll of enchant weapon
 d - a scroll of identify
 e - 2 scrolls of enchant armour
 j - 5 scrolls of magic mapping
 s - 9 scrolls of remove curse
 x - 2 scrolls of immolation
 y - 3 scrolls of recharging
 E - 2 scrolls of holy word
 K - 2 scrolls of blinking
 Q - a scroll of silence
Potions
 a - a potion of resistance
 h - a potion of cure mutation
 i - 4 potions of ambrosia
 l - 2 potions of agility
 p - 2 potions of berserk rage
 t - 4 potions of cancellation
 w - 4 potions of might
 D - 7 potions of flight
 H - 2 potions of invisibility
 I - 4 potions of haste
 O - 2 potions of curing
Comestibles
 f - 5 bread rations
 g - 11 meat rations
 o - 9 slices of pizza
 q - 5 chunks of flesh
 B - 13 fruits


   Skills:
 + Level 12.9 Fighting
 + Level 12.7(14.5) Polearms
 + Level 12.1(14.2) Staves
 + Level 13.4 Armour
 + Level 11.6 Dodging
   Level 3.6 Shields


You had 12 spell levels left.
You didn't know any spells.

Dungeon Overview and Level Annotations

Branches:
Dungeon (14/15)            Temple (0/1) D:4            Lair (0/6) D:11
    Orc (0/2) D:10         Vaults (0/5) D:14

Altars:
Ashenzari
Fedhas
Gozag
Nemelex Xobeh
Okawaru
Trog
Xom
Yredelemnul
Zin
The Shining One

Shops:
D:5 }   D:9 [   D:11 !


Innate Abilities, Weirdness & Mutations

You reflexively headbutt those who attack you in melee.
You have a pair of horns on your head.
You have a beak for a mouth.
Your skin changes colour to match your surroundings (Stealth+).
Your natural rate of healing is unusually fast.


Message History

You sock the centaur! Your peck misses the centaur.
The centaur is severely wounded.
You hit the centaur.
The centaur is almost dead.
The centaur closely misses you.
You closely miss the centaur.
You headbutt the centaur, but do no damage.
You peck the centaur.
The centaur is almost dead.
You thump the centaur!
You kill the centaur!
Trog accepts your kill.
The yaktaur shoots a bolt.
The bolt closely misses you.
The yaktaur shoots a bolt.
The bolt hits you!
* * * LOW HITPOINT WARNING * * *
The yaktaur shoots a bolt.
The bolt closely misses you.
You see here a bolt.
Okay, then.
The yaktaur shoots a bolt.
The bolt hits you!
You die...

.#..###.)##)#..#c##..#.#
#.. .#..# #.#...(....c.#
#.# #.#
.#..#######.#()#.#######
#..
##..#.........).......
##.
##............))........
#.
##<#.######.#..#.######.#
#. .[.#..#.#).........#
#.# #.
.######.(##.#..#(##..##.#
#. ......#)#)#.#..#@#
.##.########. ...#.
#..#.##..##.#
#..)).......
##...##∩....#..# ...
##..#######.
#########..######
#..........
#.........#####.#########
#.....<.........#
##.############## #.#
##.##


You could see a yaktaur.

Vanquished Creatures
  Josephine (D:10)
  7 slime creatures
  An ogre mage (D:14)
  2 hydras
  2 catoblepae (D:14)
  Fannar (D:10)
  A death knight (D:14)
  6 centaur warriors
  Sonja (D:13)
  Nergalle (D:10)
  A skeletal warrior (D:14)
  The ghost of braincell the Cleaver, a novice MiBe of Trog (D:6)
  An unseen horror (D:14)
  4 hill giants
  5 ugly things
  A cyclops (D:12)
  2 manticores
  Psyche (D:8)
  3 centaur skeletons
  3 kobold demonologists
  A yaktaur (D:14)
  4 trolls
  A polar bear (shapeshifter) (D:14)
  4 two-headed ogres
  2 dream sheep (D:8)
  A hippogriff (D:9)
  A shadow (D:14)
  A wyvern (D:13)
  10 wraiths
  A basilisk (D:11)
  16 yaks
  A vampire mosquito (D:12)
  A mottled dragon (D:14)
  2 wargs (D:10)
  A hornet zombie (D:9)
  5 ice beasts
  2 sky beasts
  15 orc warriors
  2 eyes of draining
  3 phantoms
  A boggart (D:14)
  9 ogres
  14 centaurs
  7 big kobolds
  A gnoll sergeant (D:10)
  9 bullfrogs
  2 wyvern skeletons
  4 scorpions
  The ghost of CanadianGator the Covered, a weakling MiFi (D:3)
  11 killer bees
  3 howler monkeys (D:7)
  7 crimson imps
  3 centaur zombies
  5 bullfrog zombies
  2 quasits
  8 hounds
  4 jellies
  6 orc priests
  15 orc wizards
  2 bullfrog skeletons
  An iguana (D:7)
  4 worker ants
  A big kobold zombie (Ossuary)
  A hound skeleton (D:5)
  8 mummies (Ossuary)
  2 worker ant zombies
  4 gnolls (D:10)
  12 adders
  5 shadow imps
  3 adder zombies
  6 worms
  4 dart slugs
  4 leopard geckos
  71 orcs
  8 bats
  6 giant cockroaches
  6 goblins
  12 hobgoblins
  17 jackals
  15 kobolds
  3 quokkas
  2 ball pythons
  A frilled lizard (D:2)
  4 hobgoblin zombies (Ossuary)
  2 kobold zombies (Ossuary)
  An orc zombie (Ossuary)
  6 rats
442 creatures vanquished.

Vanquished Creatures (collateral kills)
  A kobold demonologist (D:13)
  3 yaks (D:13)
  A big kobold (D:13)
  A kobold (D:13)
6 creatures vanquished.

Grand Total: 448 creatures vanquished

Notes
Turn   | Place    | Note
-------+----------+-------------------------------------------
     0 | D:1      | CanadianGator the Minotaur Fighter began the quest for the Orb.
     0 | D:1      | Reached XP level 1. HP: 19/19 MP: 0/0
   336 | D:1      | Reached XP level 2. HP: 24/27 MP: 1/1
   418 | D:1      | Reached skill level 1 in Dodging
   909 | D:2      | Reached skill level 4 in Armour
   909 | D:2      | Reached XP level 3. HP: 24/33 MP: 2/2
  1631 | D:2      | Reached XP level 4. HP: 38/40 MP: 3/3
  1671 | D:2      | Found a bloodstained altar of Trog.
  2104 | D:2      | Became a worshipper of Trog the Wrathful
  2143 | D:3      | Noticed CanadianGator's ghost (weakling MiFi)
  2147 | D:3      | Killed CanadianGator's ghost
  2147 | D:3      | Reached XP level 5. HP: 41/47 MP: 4/4
  2489 | D:3      | Found an opulent altar of Gozag.
  2490 | D:3      | Found a sparkling altar of Nemelex Xobeh.
  2648 | D:4      | Reached * piety under Trog
  2733 | D:4      | Found a staircase to the Ecumenical Temple.
  3010 | D:4      | Reached skill level 5 in Armour
  3065 | D:4      | Reached skill level 5 in Fighting
  3322 | D:5      | Entered Level 5 of the Dungeon
  3372 | D:5      | Found a glowing golden altar of the Shining One.
  3383 | D:5      | Found Uqon's Gadget Shop.
  3459 | D:5      | Found a sand-covered staircase.
  3464 | Ossuary  | Entered an ossuary
  3487 | Ossuary  | Reached skill level 1 in Staves
  3487 | Ossuary  | Reached XP level 6. HP: 56/56 MP: 5/5
  3667 | Ossuary  | Gained mutation: Your natural rate of healing is unusually fast. [potion of mutation]
  3667 | Ossuary  | Gained mutation: Scrolls take you a little longer to read. [potion of mutation]
  3667 | Ossuary  | Gained mutation: You have an increased reservoir of magic. (+10% MP) [potion of mutation]
  3793 | D:5      | Found a basalt altar of Yredelemnul.
  3817 | D:5      | Reached ** piety under Trog
  3950 | D:5      | Reached XP level 7. HP: 61/61 MP: 6/6
  4158 | D:6      | Noticed braincell's ghost (novice MiBe)
  4201 | D:6      | Killed braincell's ghost
  4201 | D:6      | Reached skill level 5 in Polearms
  4201 | D:6      | Reached skill level 6 in Armour
  4201 | D:6      | Reached XP level 8. HP: 12/71 MP: 7/7
  4227 | D:6      | Reached skill level 5 in Dodging
  4288 | D:6      | Reached skill level 7 in Armour
  4648 | D:6      | Reached skill level 5 in Staves
  4827 | D:7      | Reached XP level 9. HP: 79/79 MP: 8/8
  4986 | D:7      | Reached *** piety under Trog
  5179 | D:7      | Reached skill level 8 in Armour
  5195 | D:7      | HP: 2/80 [orc warrior/halberd (10)]
  5454 | D:7      | Found a shimmering altar of Xom.
  5701 | D:8      | Got a twisted leather armour
  5714 | D:8      | Identified the +1 leather armour "Xialejoc" {*Drain +Fly rN++ Dex+2} (You found it on level 8 of the Dungeon)
  5800 | D:8      | Noticed Psyche
  5819 | D:8      | Killed Psyche
  5829 | D:8      | Reached **** piety under Trog
  5967 | D:8      | Reached skill level 9 in Armour
  5967 | D:8      | Reached XP level 10. HP: 90/90 MP: 10/10
  6388 | D:8      | Noticed a two-headed hydra
  6394 | D:8      | Killed a two-headed hydra
  6438 | D:8      | Found an iron altar of Okawaru.
  6438 | D:8      | Found a shattered altar of Ashenzari.
  6443 | D:8      | Found a faded altar of an unknown god.
  6445 | D:8      | Found a faded altar of an unknown god.
  6447 | D:8      | Found a blossoming altar of Fedhas.
  6548 | D:9      | Found Lath's Antique Armour Shop.
  6933 | D:9      | Reached skill level 10 in Armour
  7380 | D:10     | Entered Level 10 of the Dungeon
  7399 | D:10     | Noticed Josephine
  7413 | D:10     | Reached ***** piety under Trog
  7416 | D:10     | Killed Josephine
  7416 | D:10     | Reached XP level 11. HP: 84/99 MP: 11/11
  7444 | D:10     | Found a staircase to the Orcish Mines.
  7458 | D:10     | Noticed Fannar
  7495 | D:10     | Reached skill level 10 in Fighting
  7503 | D:10     | Killed Fannar
  7660 | D:10     | Gained mutation: Your skin changes colour to match your surroundings (Stealth+). [potion of mutation]
  7660 | D:10     | Gained mutation: You are partially covered in large bone plates. (SH +4) [potion of mutation]
  7867 | D:10     | Received a gift from Trog
  7940 | D:10     | Noticed Nergalle
  7952 | D:10     | Noticed a spectral orc warlord
  7958 | D:10     | Killed Nergalle
  7961 | D:10     | Gained mutation: You possess an exceptional clarity of mind. [potion of mutation]
  7961 | D:10     | Gained mutation: Your flesh is cold resistant. (rC+) [potion of mutation]
  8463 | D:11     | Reached skill level 10 in Polearms
  8492 | D:11     | Noticed a red ugly thing
  8501 | D:11     | Killed a red ugly thing
  8501 | D:11     | Reached skill level 11 in Armour
  8574 | D:11     | Found a staircase to the Lair.
  8585 | D:11     | Found Ippeonk's Distillery.
  8586 | D:11     | Noticed a purple ugly thing
  8592 | D:11     | Killed a purple ugly thing
  8596 | D:11     | Lost mutation: Scrolls take you a little longer to read. [mutagenic meat]
  8597 | D:11     | Lost mutation: You are partially covered in large bone plates. (SH +4) [mutagenic meat]
  8609 | D:11     | Bought a potion of mutation for 35 gold pieces
  8609 | D:11     | Lost mutation: You possess an exceptional clarity of mind. [potion of mutation]
  8609 | D:11     | Gained mutation: You possess an exceptional clarity of mind. [potion of mutation]
  8927 | D:11     | Gained mutation: You have a beak for a mouth. [mutagenic meat]
  8928 | D:11     | Gained mutation: Scrolls take you a little longer to read. [mutagenic meat]
  8929 | D:11     | Lost mutation: Your flesh is cold resistant. (rC+) [mutagenic meat]
  8930 | D:11     | Lost mutation: You have an increased reservoir of magic. (+10% MP) [mutagenic meat]
  8931 | D:11     | Gained mutation: Your spells are a little easier to cast, but a little less powerful. [mutagenic meat]
  9045 | D:11     | Noticed a hill giant
  9054 | D:11     | Killed a hill giant
  9173 | D:12     | Noticed a centaur warrior
  9176 | D:12     | Noticed a centaur warrior
  9183 | D:12     | Killed a centaur warrior
  9188 | D:12     | Killed a centaur warrior
  9188 | D:12     | Reached XP level 12. HP: 110/110 MP: 11/11
  9197 | D:12     | Reached skill level 10 in Staves
  9215 | D:12     | Reached skill level 10 in Dodging
  9921 | D:13     | Noticed Sonja
  9932 | D:13     | Killed Sonja
  9932 | D:13     | Reached skill level 12 in Armour
 10051 | D:13     | Noticed a five-headed hydra
 10069 | D:13     | Killed a five-headed hydra
 10194 | D:13     | Reached ****** piety under Trog
 10195 | D:13     | Received a gift from Trog
 11031 | D:14     | Noticed a catoblepas
 11036 | D:14     | Killed a catoblepas
 11092 | D:14     | Noticed a centaur warrior
 11103 | D:14     | Killed a centaur warrior
 11103 | D:14     | Reached XP level 13. HP: 96/118 MP: 12/12
 11386 | D:14     | Noticed an angel
 11387 | D:14     | Found a glowing silver altar of Zin.
 11578 | D:14     | Reached skill level 13 in Armour
 11614 | D:14     | Received a gift from Trog
 12026 | D:14     | Gained mutation: You are frail. (-10% HP) [mutagenic meat]
 12029 | D:14     | Gained mutation: Your magical capacity is low. (-10% MP) [mutagenic meat]
 12031 | D:14     | Lost mutation: Your spells are a little easier to cast, but a little less powerful. [mutagenic meat]
 12032 | D:14     | Gained mutation: You are dopey. (Int -2) [mutagenic meat]
 12032 | D:14     | Lost mutation: Scrolls take you a little longer to read. [potion of cure mutation]
 12032 | D:14     | Lost mutation: You are dopey. (Int -2) [potion of cure mutation]
 12032 | D:14     | Lost mutation: Your magical capacity is low. (-10% MP) [potion of cure mutation]
 12032 | D:14     | Lost mutation: You possess an exceptional clarity of mind. [potion of cure mutation]
 12032 | D:14     | Lost mutation: You are frail. (-10% HP) [potion of cure mutation]
 12062 | D:14     | Found a gate to the Vaults.
 12188 | D:14     | Shot with a bolt by a yaktaur

Skill      XL: |  1  2  3  4  5  6  7  8  9 10 11 12 13 |
---------------+----------------------------------------+-----
Dodging        | 1 2 3 4 5 7 8 9 10 11 | 11.6
Fighting       | 4 5 6 7 8 9 11 12 | 12.9
Armour         | 4 5 6 7 9 10 11 12 13 | 13.4
Polearms       | 3 4 5 6 8 9 10 11 12 | 12.7
Staves         | 1 2 3 5 6 8 9 11 12 | 12.1
Shields        | |  3.6

Action                   |  1- 3 |  4- 6 |  7- 9 | 10-12 | 13-15 || total
-------------------------+-------+-------+-------+-------+-------++-------
Melee: Trident           |   124 |    63 |       |       |       ||   187
       Headbutt          |     6 |    44 |    58 |   141 |    58 ||   307
       Quarterstaff      |       |   116 |   258 |   505 |   178 ||  1057
       Peck              |       |       |       |    53 |    49 ||   102
Invok: Berserk           |       |     1 |     7 |     7 |     2 ||    17
       Burn Spellbooks   |       |     1 |     1 |     1 |     1 ||     4
       Trog's Hand       |       |       |     1 |       |       ||     1
       Brothers in Arms  |       |       |       |     1 |       ||     1
  Use: Potion            |       |     2 |     3 |     7 |     1 ||    13
       Scroll            |       |    12 |     2 |    16 |     3 ||    33
 Stab: Sleeping          |       |       |     1 |     6 |     1 ||     8
       Distracted        |       |       |       |     2 |       ||     2
  Eat: Chunk             |     2 |     6 |    17 |    16 |    10 ||    51
       Bread ration      |       |     1 |       |     1 |       ||     2
       Beef jerky        |       |       |       |     1 |     1 ||     2
       Royal jelly       |       |       |       |     1 |       ||     1
Armor: Scale mail        |    33 |    63 |    39 |       |       ||   135
       Plate armour      |       |       |    13 |       |       ||    13
       Leather armour    |       |       |     5 |    82 |    13 ||   100
Dodge: Dodged            |    44 |    87 |    92 |   326 |   103 ||   652
Block: Shield            |    50 |    41 |       |       |       ||    91
       Other             |       |       |       |    20 |       ||    20
